AoeStats
← FC_Jp173

Arena

510636373Analyzed
1v1 RM · 1d ago on Oct 1, 2026· 29m 54s· 2 players
Game mode
Random Map
Map size
Tiny (2 player)
Population
200
Speed
Normal
Resources
Standard
Victory
Conquest
Starting age
Dark Age
Ending age
Imperial Age
RankedLock teamsTeams togetherTeam positionsShared explorationLock speedFull tech treeHidden civsTurbo modeCheats
Victory
Defeat
🇨🇴 Turks · Colombia
997
+15
🇨🇦 Teutons · Canada
981
-15
Saddu_Stoic
11:15 Feudal Age
11:01 Loom
15:28 Castle Age
21:06 Imperial Age
19:55 Scale Barding Armor
20:04 Forging
21:41 Bloodlines
22:30 Iron Casting
26:10 Wheelbarrow
FC_Jp173
9:42 Feudal Age
14:19 Castle Age
12:08 Double-Bit Axe
Connection lost

Rejoining the realm…

Still unreachable

The connection could not be restored.

Session expired

The server has moved on; the page needs a fresh start.